 Dungeon Crawl Stone Soup version 0.29.1-15-g9cfb28693d (webtiles) character file.

Game seed: 8085480748863797716

1488 McKennaii the Chiller (level 8, -3/57 HPs)
             Began as a Demigod Ice Elementalist on Feb 25, 2023.
             Slain by a gnoll sergeant
             ... wielding a +1 spear of venom
              (8 damage)
             ... on level 7 of the Dungeon.
             The game lasted 00:09:16 (7766 turns).

McKennaii the Chiller (Demigod Ice Elementalist)    Turns: 7766, Time: 00:09:17

Health: -3/57      AC:  5    Str:  9    XL:     8   Next: 26%
Magic:  16/20      EV: 12    Int: 31    God:
Gold:   255        SH:  0    Dex: 14    Spells: 7/18 levels left

rFire   + . .      SeeInvis .   D - +2 short sword (drain)
rCold   . . .      Faith    .   (no shield)
rNeg    . . .      Spirit   .   m - +1 robe {rF+}
rPois   .          Reflect  .   (no helmet)
rElec   .          Harm     .   r - +0 cloak
rCorr   .          Rampage  .   h - +0 pair of gloves
Will    +....                   (no boots)
Stlth   ++........              (no amulet)
HPRegen 0.19/turn               l - ring of willpower
MPRegen 0.17/turn               B - +6 ring of intelligence

@: lethally poisoned (-3 -> -5)
A: high MP 1, forlorn, divine attributes
a: no special abilities


You were on level 7 of the Dungeon.
You visited 1 branch of the dungeon, and saw 7 of its levels.

You collected 255 gold pieces.

Inventory:

Hand Weapons
 k - a +0 whip of electrocution
 D - a +2 short sword of draining (weapon)
Missiles
 n - 2 throwing nets
Armour
 h - a +0 pair of gloves (worn)
 m - a +1 robe of fire resistance (worn)
 r - a +0 cloak (worn)
Magical Staves
 y - a staff of fire
Jewellery
 l - a ring of willpower (left hand)
 B - a +6 ring of intelligence (right hand)
Wands
 x - a wand of digging (3)
Scrolls
 a - 4 scrolls of identify
 c - a scroll of amnesia
 d - 3 scrolls of teleportation
 e - 3 scrolls of fear {unknown}
 f - 2 scrolls of silence {unknown}
 g - a scroll of enchant weapon {unknown}
 i - 4 scrolls of enchant armour {unknown}
 j - 3 scrolls of torment {unknown}
 v - a scroll of vulnerability {unknown}
 w - 3 scrolls of brand weapon {unknown}
Potions
 b - a potion of magic
 o - a potion of brilliance {unknown}
 q - 2 potions of haste {unknown}
 s - a potion of heal wounds {unknown}
 t - 4 potions of mutation {unknown}
 u - a potion of ambrosia {unknown}
 z - a potion of attraction {unknown}
 A - a potion of lignification {unknown}
 C - a potion of cancellation {unknown}


   Skills:
 - Level 1.7 Dodging
 - Level 1.7 Stealth
 + Level 5.9 Spellcasting
 + Level 4.1 Conjurations
 + Level 7.1 Ice Magic


You had 7 spell levels left.
You knew the following spells:

 Your Spells              Type           Power      Damage    Failure   Level
a - Freeze                Ice            100%       1d11      1%          1
b - Frozen Ramparts       Ice            100%       1d16      1%          3
c - Ozocubu's Armour      Ice            52%        N/A       1%          3
d - Hailstorm             Conj/Ice       44%        3d10      4%          4

Your spell library contained the following spells:

 Spells                   Type           Power      Damage    Failure   Level
 Slow                     Hex            36%        N/A       4%          1
 Conjure Flame            Conj/Fire      21%        6-21      6%          3
 Scorch                   Fire           18%        2d6       8%          2
 Confusing Touch          Hex            9%         N/A       16%         3
 Ignite Poison            Fire/Tmut/Pois 9%         N/A       16%         3
 Inner Flame              Hex/Fire       9%         N/A       16%         3
 Vampiric Draining        Necr           9%         2d6       16%         3
 Flame Wave               Conj/Fire      21%        2d8       22%         4
 Sticky Flame             Conj/Fire      21%        2d4       22%         4
 Cause Fear               Hex            4%         N/A       45%         4
 Summon Cactus Giant      Summ           4%         N/A       100%        6
 Discord                  Hex            4%         N/A       100%        8


Dungeon Overview and Level Annotations

Branches:
Dungeon (7/15)             Temple (0/1) D:6


Innate Abilities, Weirdness & Mutations

You have an increased reservoir of magic. (+10% MP)
You shall have no god before yourself.
Your divine heritage dramatically boosts your attributes as you level up.


Message History

Unknown command.
You freeze the gnoll!
You kill the gnoll!
The wall freezes the hound.
The gnoll hits you from afar with a +0 halberd!
The wall freezes the gnoll!
You kill the gnoll!
Unknown command.
Your frozen ramparts will break if you move.
Continue?
The frozen ramparts melt away as you move.
The gnoll sergeant hits you from afar with a +1 spear of venom.
You are poisoned.
The hound bites you but does no damage. The hound attacks as you move away!
The hound barely misses you.
You feel very sick.
Casting: Freeze (safe; 1% risk of failure)
Confirm with . or Enter, or press ? or * to list all spells.
Casting: Frozen Ramparts (safe; 1% risk of failure)
Press: ? - help, Dir - look around, f - activate
Okay, then.
You feel better. The hound closely misses you.
The gnoll sergeant hits you from afar with a +1 spear of venom.
You are poisoned.
The hound closely misses you.
Unknown command.
You feel very sick.
You feel sick. The hound bites you.
You feel sick.
You feel sick. The hound bites you but does no damage.
You feel sick.
You feel sick. The hound completely misses you.
You see here a bullfrog corpse.
The hound attacks as you move away! The hound bites you.
* * * LOW HITPOINT WARNING * * *
You feel sick.
There is a stone staircase leading up here.
You feel sick. The hound bites you.
* * * LOW HITPOINT WARNING * * *
The gnoll sergeant hits you from afar with a +1 spear of venom!
You die...

##.# #.## #.# ##.#
#..#### #.....###
##g........
###g.........
#@h..........
.......#...........
.......#...........
......###........##
....[. ..........
...... ..≈≈≈≈≈≈≈.
..... ..≈≈≈≈≈≈...
..... #.≈≈_....8
≈≈≈≈≈≈.


You could see a gnoll sergeant, a hound and a gnoll.

Vanquished Creatures
  Edmund (D:4)
  2 orc warriors (D:5)
  A black bear (D:4)
  2 ogres
  A centaur (D:5)
  2 phantoms
  A bullfrog (D:7)
  2 scorpions
  A hound (D:5)
  2 jellies (D:6)
  An orc priest (D:5)
  3 iguanas
  Jessica (D:2)
  4 orc wizards (D:5)
  2 gnolls (D:7)
  6 adders
  A white imp (D:6)
  2 ufetubi
  3 dart slugs
  26 orcs
  5 ball pythons
  5 endoplasms
  3 giant cockroaches
  4 goblins
  4 hobgoblins
  10 kobolds
  3 quokkas
  4 bats
  2 frilled lizards (D:1)
  5 rats
  A spectral orc (D:6)
110 creatures vanquished.

Notes
Turn   | Place    | Note
-------+----------+-------------------------------------------
     0 | D:1      | McKennaii the Demigod Ice Elementalist began the quest for
                  | the Orb.
     0 | D:1      | Reached XP level 1. HP: 14/14 MP: 5/5
   425 | D:1      | Reached XP level 2. HP: 20/20 MP: 5/7
   802 | D:1      | Reached skill level 4 in Ice Magic
  1317 | D:2      | Noticed Jessica
  1325 | D:2      | Killed Jessica
  1326 | D:2      | Reached XP level 3. HP: 14/26 MP: 1/9
  3069 | D:4      | Noticed a phantom
  3103 | D:4      | Killed a phantom
  3104 | D:4      | Reached XP level 4. HP: 6/33 MP: 6/11
  3375 | D:4      | Learned a level 3 spell: Frozen Ramparts
  3382 | D:4      | Learned a level 3 spell: Ozocubu's Armour
  3432 | D:4      | Reached XP level 5. HP: 38/38 MP: 8/13
  3531 | D:4      | Noticed a black bear
  3539 | D:4      | Killed a black bear
  3540 | D:4      | Reached skill level 5 in Ice Magic
  4102 | D:4      | Noticed Edmund
  4109 | D:4      | Killed Edmund
  4110 | D:4      | Reached XP level 6. HP: 45/45 MP: 2/15
  4210 | D:4      | Learned a level 4 spell: Hailstorm
  4522 | D:5      | Entered Level 5 of the Dungeon
  4522 | D:5      | Noticed a +0 falchion
  4522 | D:5      | Noticed a +0 short sword
  4522 | D:5      | Noticed a +0 spear
  4522 | D:5      | Noticed a +0 short sword
  4522 | D:5      | Noticed a +0 spear
  4522 | D:5      | Noticed a +0 falchion
  4522 | D:5      | Noticed a +0 dagger
  4522 | D:5      | Noticed a +0 dagger
  4604 | D:5      | HP: 2/45 [orc warrior/+1 short sword of protection (4)]
  4607 | D:5      | Reached skill level 1 in Conjurations
  4607 | D:5      | Reached skill level 6 in Ice Magic
  4917 | D:5      | Reached XP level 7. HP: 50/50 MP: 9/17
  4993 | D:5      | Found a runed translucent door.
  5686 | D:5      | Reached skill level 5 in Spellcasting
  6748 | D:6      | Reached XP level 8. HP: 16/57 MP: 13/19
  6962 | D:6      | Found a staircase to the Ecumenical Temple.
  7302 | D:6      | Reached skill level 7 in Ice Magic
  7766 | D:7      | Slain by a gnoll sergeant

Illustrated notes

Levels and vault maps discovered:
D:1:      spicycebolla_arrival_transporter_tutorial, layout_basic,
          minmay_misc_feat_square
D:2:      layout_loops_ring, serial_glass, glass_columns_a, glass_columns_c,
          hellmonk_ecumenical_altar_zigzags, dreamdust_princess_corridor,
          amethyst_killhole, uniq_jessica
D:3:      layout_loops_cross, wad_floor_pattern_untrapped
D:4:      layout_loops_corners, lemuel_coloured_pillars_altar,
          mainiacjoe_overflow_tiny_flanked, hangedman_abyss_or_decor_stagger,
          minmay_bisected, uniq_edmund
D:5:      layout_loops_cross, nicolae_uskayaw_en_pointe, elyvilon_altar_1,
          lightli_church_of_beogh
D:6:      layout_basic, yredelemnul_forgotten_temple_becter,
          mainiacjoe_overflow_swirl, minmay_temple_entry_wispy
D:7:      layout_cave_pods, nicolae_overflow_hidden_temple,
          mainiacjoe_overflow_catwalk, kennysheep_flooded_box,
          minmay_manual_macuahuitl

Skill      XL: |  1  2  3  4  5  6  7  8 |
---------------+-------------------------+-----
Spellcasting   | 2 3 4 5 |  5.9
Ice Magic      | 4 5 6 7 |  7.1
Conjurations   | 1 3 4 |  4.1
Dodging        | |  1.7
Stealth        | |  1.7

Action                   |  1- 3 |  4- 6 |  7- 9 || total
-------------------------+-------+-------+-------++-------
Melee: Whip              |    13 |     5 |     9 ||    27
       Punch             |     1 |       |     1 ||     2
       Short sword       |       |       |    50 ||    50
 Cast: Freeze            |    64 |    53 |    42 ||   159
       Frozen Ramparts   |       |     3 |    15 ||    18
       Ozocubu's Armour  |       |     2 |    13 ||    15
  Use: Potion            |     2 |     2 |     1 ||     5
       Scroll            |       |     2 |       ||     2
Armor: Robe              |    17 |    13 |    26 ||    56
Dodge: Dodged            |    29 |    31 |    67 ||   127
